 Dungeon Crawl Stone Soup version 0.18-a0-1532-g2212f85 (webtiles) character file.

1194 Svalin the Basher (level 8, -7/102 HPs)
             Began as a Minotaur Berserker on Mar 8, 2016.
             Was an Elder of Trog.
             Mangled by an orc warrior
             ... wielding a +0 flail
              (16 damage)
             ... on level 5 of the Dungeon.
             The game lasted 00:13:37 (5644 turns).

Svalin the Basher (Minotaur Berserker)              Turns: 5644, Time: 00:13:37

Health: -7/102     AC:  4    Str: 26    XL:     8   Next: 20%
Magic:  7/7        EV: 14    Int:  4    God:    Trog [****..]
Gold:   49         SH:  0    Dex: 18    Spells: 0 memorised, 7 levels left

rFire  . . .     SeeInvis .     y - +0 flail
rCold  . . .     Gourm    +     d - +2 robe {MR+}
rNeg   . . .     Faith    .     (no shield)
rPois  +         Spirit   .     (helmet restricted)
rElec  .         Dismiss  .     (no cloak)
rCorr  .         Reflect  .     (no gloves)
SustAt .         Harm     .     (no boots)
MR     +....                    w - amulet of the gourmand
Stlth  ..........               o - +5 ring of dexterity
                                q - ring of poison resistance

@: berserking, very quick, somewhat resistant to hostile enchantments, extremely
unstealthy
A: retaliatory headbutt, horns 2
a: Berserk, Trog's Hand, Brothers in Arms, Burn Spellbooks, Renounce Religion


You were on level 5 of the Dungeon.
You worshipped Trog.
Trog was greatly pleased with you.
You were completely stuffed.

You visited 1 branch of the dungeon, and saw 5 of its levels.

You collected 224 gold pieces.
You spent 175 gold pieces at shops.

Inventory:

Hand Weapons
 a - a +1 mace
 y - a +0 flail (weapon)
Armour
 b - a +1 animal skin
 d - a +2 robe of magic resistance (worn)
Jewellery
 n - an uncursed amulet of rage
 o - a +5 ring of dexterity (right hand)
 q - a ring of poison resistance (left hand)
 w - an amulet of the gourmand (around neck)
Wands
 m - a wand of teleportation (2/9)
 z - a wand of confusion (16/48)
Scrolls
 p - 3 scrolls of fog
 r - 2 scrolls of teleportation
 s - a scroll of identify
 u - a scroll of remove curse
Potions
 e - 2 potions of lignification
 f - 3 potions of haste
 g - a potion of flight {unknown}
 h - 3 potions of might {unknown}
 j - 5 potions of curing
 k - a potion of heal wounds {unknown}
 t - a potion of berserk rage {unknown}
 v - 2 potions of degeneration {unknown}
Comestibles
 c - 2 bread rations
 i - a meat ration
 l - 3 chunks of flesh
 x - a beef jerky


   Skills:
 * Level 5.3 Fighting
 + Level 11.1 Maces & Flails
 - Level 2.4 Armour
 + Level 3.2 Dodging


You had 7 spell levels left.
You didn't know any spells.

Dungeon Overview and Level Annotations

Branches:
Dungeon (5/15)             Temple (0/1) D:5

Altars:
Ashenzari

Shops:
D:4 *


Innate Abilities, Weirdness & Mutations

You reflexively headbutt those who attack you in melee.
You have a pair of horns on your head.


Message History

You headbutt the orc warrior, but do no damage.
The orc warrior is moderately wounded.
The orc warrior hits you with a flail!
You hit the orc warrior. Your headbutt misses the orc warrior.
The orc warrior is moderately wounded.
The orc warrior closely misses you.
Some of the chunks of flesh in your inventory have rotted away.
You sock the orc warrior!
The orc warrior is severely wounded.
You completely miss the orc warrior.
The orc warrior is severely wounded.
The orc warrior hits you with a flail!!
* * * LOW HITPOINT WARNING * * *
You hit the orc warrior.
The orc warrior is almost dead.
The orc warrior closely misses you.
A red film seems to cover your vision as you go berserk!
You feel yourself moving faster!
You feel mighty!
You feel somewhat less full. The orc warrior hits you with a flail!
You die...

#.# >>.# #.###...... #.# ##.#
#.........#
#########.###..##♣♣♣#####.....#
###.)).)......<.)#♣...♣#........#
.>.....####.#.#.))..>.♣#####..#.#
....#..####.#....#♣...♣ #..#.#
.........##.#.##.##♣♣♣### #....#
.......#.##.#.##.#### #.####.#..#
#.#.#..#........@##.###....)....#
#.#.#..####.#...o.....#######.#.#
....#..## #.....###.#.# #.#.#
........# ###.......#.# #.#.#
#.####...# ###.#####.# #.#.# ..
##..# #.# #.# #.#.. .. ..#
#.#####.### #.### . ..#
#.........# #.# . ..# #######<#.#
#.#


You could see an orc warrior.

Vanquished Creatures
  Sigmund (D:2)
  A sky beast (D:5)
  A phantom (D:4)
  2 ogres
  2 centaurs
  A scorpion (D:5)
  A hound (D:4)
  A jelly (D:5)
  3 orc wizards (D:4)
  An orc priest (D:4)
  Natasha (thrice) (D:4)
  A worker ant (D:4)
  Robin (D:4)
  4 adders
  5 gnolls
  An ooze (D:3)
  2 dart slugs
  3 giant geckos
  9 orcs
  7 bats
  8 giant cockroaches
  20 goblins
  14 hobgoblins
  9 jackals
  2 quokkas
  3 giant newts
  8 kobolds
  A quokka skeleton (D:4)
  7 rats
122 creatures vanquished.

Notes
Turn   | Place    | Note
--------------------------------------------------------------
     0 | D:1      | Svalin the Minotaur Berserker began the quest for the Orb.
     0 | D:1      | Reached XP level 1. HP: 19/19 MP: 0/0
    44 | D:1      | Reached skill level 4 in Maces & Flails
    44 | D:1      | Reached XP level 2. HP: 9/26 MP: 1/1
   532 | D:1      | Reached skill level 5 in Maces & Flails
   542 | D:1      | Reached XP level 3. HP: 23/31 MP: 2/2
   628 | D:1      | Reached ** piety under Trog
  1904 | D:2      | Reached XP level 4. HP: 27/39 MP: 3/3
  2194 | D:2      | Reached skill level 6 in Maces & Flails
  2396 | D:2      | Noticed Sigmund
  2405 | D:2      | Killed Sigmund
  2405 | D:2      | Reached skill level 7 in Maces & Flails
  2405 | D:2      | Reached XP level 5. HP: 45/45 MP: 4/4
  2831 | D:3      | Reached skill level 8 in Maces & Flails
  2997 | D:3      | Reached *** piety under Trog
  3175 | D:3      | Noticed a centaur
  3180 | D:3      | Killed a centaur
  3180 | D:3      | Reached XP level 6. HP: 47/51 MP: 5/5
  3399 | D:4      | Found a shattered altar of Ashenzari.
  3473 | D:4      | Noticed Robin
  3484 | D:4      | Killed Robin
  3536 | D:4      | Reached skill level 9 in Maces & Flails
  3855 | D:4      | Noticed Natasha
  3858 | D:4      | Killed Natasha
  3941 | D:4      | Reached XP level 7. HP: 57/57 MP: 6/6
  3943 | D:4      | Reached skill level 10 in Maces & Flails
  4141 | D:4      | Reached **** piety under Trog
  4515 | D:4      | Noticed Natasha
  4519 | D:4      | Killed Natasha
  4530 | D:4      | Noticed Natasha
  4536 | D:4      | Killed Natasha
  4596 | D:4      | Found Fiogg's Assorted Antiques.
  4603 | D:4      | Bought 2 fuming orange potions for 43 gold pieces
  4603 | D:4      | Bought a scroll of identify for 48 gold pieces
  4603 | D:4      | Bought a flail for 84 gold pieces
  4774 | D:5      | Entered Level 5 of the Dungeon
  5039 | D:5      | Reached skill level 11 in Maces & Flails
  5039 | D:5      | Reached XP level 8. HP: 65/67 MP: 7/7
  5182 | D:5      | Reached skill level 5 in Fighting
  5414 | D:5      | Found a staircase to the Ecumenical Temple.
  5644 | D:5      | Mangled by an orc warrior

Vault maps used:
D:1:      dpeg_arrival_leaves_temple_mockup, st_stairs_5, minmay_vboxes
D:2:      uniq_sigmund
D:4:      serial_shops, nicolae_shop_crystal, cheibrodos_ashenzari_chains,
          uniq_robin, uniq_natasha
D:5:      lemuel_crystal_altar, kennysheep_mini,
          minmay_temple_entry_enclosed_plants, first_bread, uniq_edmund

Skill      XL: |  1  2  3  4  5  6  7  8 |
---------------+-------------------------+-----
Maces & Flails | 4 5 7 8 9 11 | 11.1
Fighting       | 4 5 |  5.3
Dodging        | 3 |  3.2
Armour         | |  2.4

Action                   |  1- 3 |  4- 6 |  7- 9 || total
-------------------------+-------+-------+-------++-------
Melee: Mace              |    96 |    92 |    49 ||   237
       Flail             |       |       |    46 ||    46
Invok: Berserk           |     2 |     4 |     5 ||    11
  Use: Scroll            |     8 |       |     5 ||    13
       Potion            |       |     1 |       ||     1
 Stab: Sleeping          |       |     1 |     1 ||     2
       Distracted        |       |     1 |       ||     1
  Eat: Chunk             |     5 |     8 |    22 ||    35
       Pizza             |       |     1 |       ||     1
